Map: Frozen Temple

Players

Miszu

  • Race: Terran Terran
  • League: Master

Calt - Winner!

  • Race: Terran Terran
  • League: Master

VOD

Have the link to the VOD?

Description

Time

  • Played on: April 5, 2016, 3:16 p.m.
  • Length: 8:26
Show
View Real Time Build Order
Export as new Build Order

Miszu Terran 

Build Orders: Banshee Rush 

Get SALT Encoding   

  12  0:00  SCV  
  13  0:12  SCV  
  14  0:18  Supply Depot  
  14  0:24  SCV  
  15  0:40  SCV  
  15  0:41  Refinery  
  16  0:46  Barracks  
  16  0:50  Refinery  
  16  0:54  SCV  
  17  1:06  SCV  
  18  1:18  SCV  
  19  1:30  SCV  
  20  1:40  Factory, Marine  
  20  1:46  Orbital Command  
  21  2:05  Reaper  
  21  2:13  SCV  
  20  2:16  Supply Depot  
  20  2:25  Hellion  
  20  2:27  SCV  
  23  2:39  SCV  
  25  2:44  Starport  
  25  2:55  Hellion, SCV  
  25  2:57  Barracks Tech Lab  
  27  3:03  Supply Depot  
  27  3:07  SCV  
  29  3:20  SCV  
  29  3:32  SCV  
  30  3:36  Banshee, Factory Reactor  
  30  3:37  Cloaking Field  
  33  3:44  SCV  
  33  3:48  Supply Depot  
  34  3:50  Barracks Reactor  
  34  3:54  Factory Tech Lab  
  34  3:56  SCV  
  35  4:08  SCV  
  36  4:21  SCV  
  36  4:22  Command Center  
  37  4:26  Marine x2  
  37  4:27  Banshee  
  42  4:32  Supply Depot  
  42  4:36  SCV  
  43  4:48  SCV  
  44  5:00  SCV  
  44  5:02  Command Center  
  45  5:12  SCV  
  43  5:23  Starport Reactor, Barracks  
  43  5:24  Barracks  
  43  5:25  SCV  
  44  5:32  Marine x2  
  46  5:37  SCV  
  46  5:39  Orbital Command  
  47  5:49  SCV  
  48  5:50  Marine  
  48  5:51  Marine  
  48  6:01  Viking, SCV  
  48  6:02  Medivac  
  53  6:07  Marine, Siege Tank  
  53  6:08  SCV  
  56  6:12  Barracks Tech Lab, Stimpack  
  56  6:13  SCV  
  54  6:18  Orbital Command  
  54  6:20  SCV  
  54  6:21  Marine  
  56  6:26  Marine  
  56  6:28  SCV  
  56  6:32  SCV  
  60  6:33  Medivac x2  
  60  6:39  Refinery, Marine, Orbital Command  
  65  6:40  Refinery  
  65  6:41  Siege Tank  
  67  6:47  Marine x2  
  67  6:50  Marine  
  69  6:57  Marine  
  68  7:05  Marine x2  
  66  7:17  Marine x2  
  66  7:19  Siege Tank  
  71  7:23  Marine x2  
  73  7:31  Barracks  
  73  7:35  Marine x2  
  75  7:40  Marine  
  68  7:47  SCV x2  
  54  7:57  Marine  
  54  7:58  Marine x3  
  57  8:03  SCV x3  
Show
View Real Time Build Order
Export as new Build Order

Calt Terran - Winner!

Build Orders: Reaper Expand 

Get SALT Encoding   

  12  0:01  SCV  
  13  0:13  SCV  
  14  0:19  Supply Depot  
  14  0:25  SCV  
  15  0:40  SCV  
  16  0:43  Barracks  
  16  0:45  Refinery  
  16  0:52  SCV  
  17  1:05  SCV  
  18  1:17  SCV  
  19  1:29  Orbital Command  
  19  1:30  Reaper  
  20  1:44  Command Center  
  20  1:56  SCV  
  20  1:57  Supply Depot  
  21  2:07  Barracks Reactor  
  21  2:08  SCV  
  22  2:10  Refinery  
  21  2:20  SCV  
  22  2:26  Factory  
  22  2:33  SCV  
  23  2:43  Marine x2  
  25  2:45  SCV  
  26  2:56  Orbital Command  
  25  3:01  Marine x2, SCV  
  28  3:08  Bunker  
  28  3:12  Hellion  
  30  3:13  Starport  
  30  3:24  SCV  
  30  3:25  Marine x2  
  30  3:26  SCV  
  33  3:32  Engineering Bay  
  33  3:37  SCV  
  34  3:42  SCV  
  34  3:45  Bunker  
  34  3:47  Marine x2  
  37  3:52  Viking  
  37  3:54  SCV  
  40  3:56  SCV  
  40  4:00  Factory Tech Lab  
  41  4:06  Marine x2, SCV  
  41  4:09  SCV  
  45  4:12  Missile Turret  
  45  4:13  Missile Turret  
  45  4:18  SCV  
  46  4:30  Supply Depot  
  46  4:33  Barracks Tech Lab  
  46  4:34  Liberator  
  46  4:39  Supply Depot  
  46  4:51  Siege Tank, SCV x2  
  54  4:53  Supply Depot  
  54  4:55  Stimpack  
  54  5:00  Marine  
  54  5:01  Viking  
  54  5:04  SCV x2  
  59  5:16  SCV x2  
  59  5:17  Supply Depot  
  59  5:19  Marine  
  62  5:24  Siege Tank  
  62  5:28  SCV x2  
  67  5:31  Medivac  
  69  5:37  Refinery  
  69  5:40  Marine, SCV x2  
  71  5:52  SCV  
  71  5:55  SCV  
  72  5:58  Siege Tank  
  74  6:04  Medivac  
  74  6:06  SCV  
  74  6:09  SCV  
  76  6:19  Marine, Refinery, SCV  
  76  6:20  Refinery  
  76  6:22  Command Center  
  78  6:30  Supply Depot  
  78  6:46  Supply Depot  
  78  6:51  Medivac  
  78  6:52  Siege Tank, SCV x2  
  85  7:04  SCV  
  85  7:07  SCV  
  85  7:08  Marauder  
  85  7:16  SCV  
  85  7:20  SCV  
  87  7:28  SCV  
  87  7:29  Marine  
  89  7:32  SCV  
  89  7:33  Siege Tank  
  89  7:34  Orbital Command  
  93  7:37  Supply Depot, Medivac x2  
  93  7:39  Barracks  
  93  7:40  Barracks, SCV  
  93  7:44  SCV  
  79  7:54  Marine  
  76  8:00  SCV  
  76  8:01  Bunker  
  76  8:02  Bunker  
  76  8:03  SCV  
  76  8:05  SCV  
  79  8:06  Barracks  
  79  8:09  Barracks  
  78  8:13  SCV  
Tags
 
Add a new tag
Caveats
  • Supply blocks, unpowered buildings, or Contaminate may cause inaccurate times.
  • Supply counts are checked every 10 seconds.